 Dungeon Crawl Stone Soup version 0.28.0-62-gf88900778d (webtiles) character file.

Game seed: 2476509143121634391

211682 cbfl8 the Peltast (level 18, -4/256 HPs)
             Began as a Minotaur Berserker on Jan 11, 2024.
             Was the Champion of Trog.
             Killed from afar by a fenstrider witch (6 damage)
             ... with a toxic sludge
             ... on level 3 of the Swamp.
             The game lasted 01:10:28 (58565 turns).

cbfl8 the Peltast (Minotaur Berserker)             Turns: 58565, Time: 01:10:28

Health: -4/256     AC: 35    Str: 25    XL:     18   Next: 22%
Magic:  5/5        EV: 10    Int:  7    God:    Trog [******]
Gold:   1228       SH: 26    Dex: 23    Spells: 17/17 levels left

rFire   + + .      SeeInvis .   S - +8 broad axe (antimagic)
rCold   + . .      Faith    .   y - +3 tower shield
rNeg    + + .      Spirit   .   j - +9 pearl dragon scales "Worhuaf" {rF++ rN+}
rPois   +          Reflect  .   c - +2 hat
rElec   .          Harm     .   Q - +1 cloak
rCorr   .          Rampage  .   r - +2 pair of gloves
Will    +....                   b - +0 pair of boots
Stlth   ..........              C - amulet "Ovomiph" {Acrobat +Inv rPois Int+3}
HPRegen 0.52/turn               d - +6 ring of dexterity
MPRegen 0.09/turn               W - ring "Wozen" {rC+ rN+ Dex+2 Stlth+}

@: berserking, lethally poisoned (-4 -> -32), quick
A: horns 2, retaliatory headbutt
}: 1/15 runes: serpentine
a: Renounce Religion, Evoke Invisibility, Berserk, Trog's Hand, Brothers in Arms


You were on level 3 of the Swamp.
You worshipped Trog.
Trog was exalted by your worship.
You visited 5 branches of the dungeon, and saw 30 of its levels.
You visited the Abyss 2 times.
You also visited: Bailey and Gauntlet.

You collected 2969 gold pieces.
You spent 1741 gold pieces at shops.

Inventory:

Hand Weapons
 a - a +5 war axe of flaming
 S - a +8 antimagic broad axe (weapon)
Missiles
 q - a throwing net
Armour
 b - a +0 pair of boots (worn)
 c - a +2 hat (worn)
 j - the +9 pearl dragon scales "Worhuaf" (worn) {rF++ rN+}
   (You found it in a bailey)

   rF:        It greatly protects you from fire.
   rN:        It protects you from negative energy.
 r - a +2 pair of gloves (worn)
 y - a +3 tower shield (worn)
 Q - a +1 cloak (worn)
Jewellery
 d - a +6 ring of dexterity (left hand)
 u - the amulet of the Salamander {Acrobat rElec rN++ Str+9 Int-3}
   (You bought it in a shop on level 2 of the Snake Pit)

   [amulet of the acrobat]

   It increases your evasion while moving and waiting.
   Str:       It affects your strength (+9).
   Int:       It affects your intelligence (-3).
   rElec:     It insulates you from electricity.
   rN:        It greatly protects you from negative energy.
 C - the amulet "Ovomiph" (around neck) {Acrobat +Inv rPois Int+3}
   (You found it on level 9 of the Dungeon)

   [amulet of the acrobat]

   It increases your evasion while moving and waiting.
   Int:       It affects your intelligence (+3).
   rPois:     It protects you from poison.
   +Inv:      It lets you turn invisible.
 T - the amulet of the Establishment {Acrobat rElec Int+4}
   (You found it in a Gauntlet)

   [amulet of the acrobat]

   It increases your evasion while moving and waiting.
   Int:       It affects your intelligence (+4).
   rElec:     It insulates you from electricity.
 W - the ring "Wozen" (right hand) {rC+ rN+ Dex+2 Stlth+}
   (You found it on level 6 of the Lair of Beasts)

   [ring of positive energy]

   Dex:       It affects your dexterity (+2).
   rC:        It protects you from cold.
   rN:        It protects you from negative energy.
   Stlth:     It makes you more stealthy.
Wands
 t - a wand of iceblast (13) (quivered)
 B - a wand of digging (11)
 F - a wand of mindburst (13)
 H - a wand of charming (5)
 I - a wand of paralysis (19)
 J - a wand of acid (8)
 O - a wand of polymorph (25)
 R - a wand of flame (15)
Scrolls
 e - 4 scrolls of fog
 f - 4 scrolls of blinking
 k - 7 scrolls of fear
 l - 2 scrolls of holy word
 o - 15 scrolls of teleportation
 p - 14 scrolls of identify
 s - 2 scrolls of magic mapping
 A - 3 scrolls of noise
 D - a scroll of summoning
 K - a scroll of silence
 V - a scroll of brand weapon
Potions
 h - 17 potions of curing
 i - 6 potions of mutation
 m - 3 potions of resistance
 n - 5 potions of might
 v - 3 potions of invisibility
 w - 4 potions of cancellation
 x - 3 potions of heal wounds
 z - 5 potions of haste
 E - 2 potions of flight
 G - a potion of berserk rage
 M - 2 potions of ambrosia
Miscellaneous
 g - a piece from Xom's chessboard (15/15)
 L - a box of beasts
 N - a condenser vane
 P - a tin of tremorstones (2/2)
 U - a tin of tremorstones (2/2)
 X - a phial of floods


   Skills:
 + Level 17.8 Fighting
 - Level 18.8 Axes
 + Level 15.0 Armour
 - Level 2.1 Dodging
 * Level 5.7 Stealth
 + Level 19.6 Shields
 * Level 14.1 Evocations


You had 17 spell levels left.
You didn't know any spells.
Your spell library was empty.

Dungeon Overview and Level Annotations

Branches:
Dungeon (15/15)            Temple (0/1) D:5            Lair (6/6) D:9
  Swamp (3/4) Lair:4        Snake (4/4) Lair:4        Slime (0/5) Lair:6
    Orc (2/2) D:12            Elf (0/3) Orc:2        Vaults (0/5) D:14
 Depths (0/4) D:15         Bailey (visited)         Gauntlet (visited)

Altars:
Cheibriados
Dithmenos
Vehumet
Xom
Jiyva

Shops:
D:5 [   D:11 ?   Orc:1 !   Orc:2 [**=   Snake:2 [=:=

Portals:
Trove: D:13 (give +2 gold dragon scales)

Annotations:
Snake:1 1 runed translucent door, Dadghomedgh's ghost, adept GnWz


Innate Abilities, Weirdness & Mutations

You have a pair of horns on your head.
You reflexively headbutt those who attack you in melee.


Message History

You fester in the toxic bog.
You partially resist.
You are more poisoned.
You feel very sick.
You block the fenstrider witch's attack.
The fenstrider witch kicks you!
* * * LOW HITPOINT WARNING * * *
Your unstable footing causes you to fumble your attack.
You fester in the toxic bog.
You partially resist.
You are more poisoned.
You feel very sick.
The fenstrider witch gestures at you while chanting.
Your body is wracked with pain!
* * * LOW HITPOINT WARNING * * *
You slash the fenstrider witch!
The fenstrider witch's magic leaks into the air.
Your headbutt misses the fenstrider witch.
The fenstrider witch is almost dead.
You fester in the toxic bog.
You partially resist.
You are lethally poisoned!
* * * LOW HITPOINT WARNING * * *
x2 You feel very sick.
The fenstrider witch points at you and mumbles some strange words.
Your body is wracked with pain!
* * * LOW HITPOINT WARNING * * *
Your unstable footing causes you to fumble your attack.
You fester in the toxic bog.
You partially resist.
You are more poisoned.
* * * LOW HITPOINT WARNING * * *
x2 You feel very sick.
Unknown command.
You miss the fenstrider witch.
The fenstrider witch is almost dead.
Splash!
You fall into the shallow water.
Moving in this stuff is going to be slow.
* * * LOW HITPOINT WARNING * * *
You feel very sick.
The fenstrider witch casts a spell at you.
The toxic sludge hits you.
You are more poisoned.
You partially resist.
You die...

.≈≈ ♣.≈≈≈≈§♣..≈≈♣ ≈♣♣♣
♣♣.≈≈≈≈≈.....♣ ...♣♣♣♣♣
≈...≈≈≈≈..≈.≈♣
≈≈.♣.≈.♣♣...≈≈≈≈≈≈.♣.≈♣
<.≈.≈≈..≈≈≈≈≈≈≈≈≈≈≈..≈♣
.≈♣≈.≈≈.≈≈≈≈≈≈≈§....≈♣♣
≈≈≈......≈§≈≈≈≈≈≈..†♣♣
≈≈≈....≈≈≈≈≈≈≈≈≈H≈)≈.♣
≈≈....§≈≈≈≈≈≈≈..@≈≈≈)♣
..≈♣♣....≈≈≈≈≈≈≈≈§≈.♣♣
≈.♣♣ .[...≈≈≈≈≈≈≈§≈♣♣
≈≈♣♣ ♣≈...≈≈≈≈≈≈≈≈..
≈≈§♣ ..≈.§..≈≈≈.$♣ ≈.♣♣
♣♣♣....≈≈..≈♣ .♣♣
♣≈≈≈≈♣≈..≈♣♣ ♣♣
..≈≈.♣♣≈≈♣.


You could see a fenstrider witch (magic disrupted).

Vanquished Creatures
  Mlioglotl (Snake:3)
  The ghost of jjjjhere the Pandemonic, an adept TrBr of Makhleb (Swamp:2)
  A tentacled starspawn (Abyss:1)
  Frances (Swamp:1)
  Gastronok (Lair:1)
  3 thorn hunters (Swamp:2)
  A tengu reaver (D:12)
  Agnes (Snake:2)
  A sphinx (D:12)
  Kirke (Lair:5)
  Donald (Swamp:1)
  A nagaraja (Snake:3)
  Aizul (Snake:4)
  A ghoul (Swamp:3)
  A spark wasp (shapeshifter) (D:12)
  5 dire elephants (Lair:6)
  2 eleionomae
  3 bunyips
  2 minotaurs
  4 ettins
  Josephine (D:13)
  The ghost of Frost42 the Fighter, a journeyman MiWn of Makhleb (Orc:2)
  3 shambling mangroves (Swamp:2)
  A rakshasa (D:13)
  5 naga warriors
  Harold (D:7)
  5 salamander tyrants (Snake:4)
  Erica (D:10)
  8 boulder beetles
  Erolcha (D:10)
  6 alligators
  11 anacondas
  A catoblepas (D:13)
  13 hydras
  4 centaur warriors
  A ghost crab (Swamp:1)
  2 dancing weapons (D:14)
  4 tengu warriors
  7 two-headed ogres
  9 death yaks
  A death knight (D:12)
  A vampire mage (D:15)
  A thrashing horror (D:14)
  A deep troll earth mage (D:12)
  6 shock serpents
  4 orc high priests (Orc:2)
  2 spriggan berserkers (Swamp:3)
  6 spriggans
  A titan skeleton (D:15)
  7 naga sharpshooters
  A wretched star (Abyss:1)
  A salamander mystic (Snake:3)
  A storm dragon zombie (D:15)
  2 sixfirhies (Abyss:1)
  5 goliath frogs
  A spectral anaconda (Lair:6)
  6 naga ritualists
  2 spectral death yaks (Lair:6)
  An obsidian statue (Lair:6)
  9 bog bodies
  4 skeletal warriors
  4 swamp dragons
  4 spriggan druids
  3 wizards
  4 necromancers
  4 lindwurms
  2 orc knights
  13 salamanders
  8 mana vipers
  5 cyclopes
  2 orc sorcerers
  2 oklob plants
  3 will-o-the-wisps (Swamp:2)
  5 manticores
  A salamander (shapeshifter) (D:15)
  A fire giant zombie (D:15)
  13 elephants
  A frost giant skeleton (D:15)
  A dire elephant zombie (Lair:6)
  5 guardian serpents
  7 ugly things
  Joseph (D:7)
  A gargoyle (Bailey)
  A torpor snail (Lair:2)
  An apocalypse crab (Gauntlet)
  39 black mambas
  11 naga magi
  2 smoke demons
  17 cane toads
  Maggie (D:10)
  2 yaktaurs
  A dire elephant skeleton (Lair:6)
  4 kobold demonologists
  4 tengu conjurers
  8 komodo dragons
  3 freezing wraiths (D:12)
  A guardian mummy (D:15)
  2 rime drakes
  3 polar bears
  8 trolls
  11 hornets
  A spectral elephant (Lair:6)
  Prince Ribbit (D:8)
  7 tyrant leeches
  A dream sheep (shapeshifter) (D:12)
  A raiju (Abyss:2)
  5 slime creatures
  A dream sheep (Lair:2)
  15 blink frogs
  3 flying skulls (Abyss:1)
  3 vampires (Bailey)
  9 wraiths
  3 shadows
  A water elemental (D:15)
  8 wyverns
  A small abomination (Abyss:1)
  2 fire bats (Abyss:1)
  56 yaks
  6 hogs (Lair:5)
  7 basilisks
  13 vampire mosquitoes
  A death yak simulacrum (Lair:6)
  A neqoxec (Abyss:1)
  18 swamp worms
  35 nagas
  2 spectral cane toads (Lair:6)
  17 water moccasins
  An acid dragon (D:11)
  An acid dragon (shapeshifter) (D:15)
  2 wargs
  3 swamp drakes (Swamp:3)
  A water moccasin (shapeshifter) (D:12)
  24 orc warriors
  4 sky beasts
  4 black bears
  An ice beast (D:7)
  An elephant zombie (Lair:6)
  6 necrophages
  4 ogres
  2 wolves (Lair:2)
  8 centaurs
  4 elephant skeletons (Lair:6)
  2 phantoms
  4 kobold brigands
  14 bullfrogs
  4 gnoll sergeants
  An oklob sapling (Swamp:2)
  3 elephant simulacra (Lair:6)
  16 killer bees
  13 wights
  7 vampire bats
  5 wolf zombies (Bailey)
  2 electric eels
  3 howler monkeys (D:12)
  4 crimson imps (Gauntlet)
  4 hounds
  A jelly (D:5)
  A centaur skeleton (D:7)
  7 centaur zombies
  A gnoll shaman (Orc:1)
  25 orc priests
  Natasha (thrice) (D:3)
  An iguana (D:5)
  24 orc wizards
  2 killer bee zombies
  2 hound skeletons (D:4)
  A mummy (D:6)
  34 gnolls
  7 adders
  2 howler monkey skeletons
  25 orc zombies (Bailey)
  2 shadow imps
  3 white imps
  2 ufetubi
  4 dart slugs
  59 orcs
  7 endoplasms
  4 giant cockroaches
  9 goblins
  4 hobgoblins
  15 jackals
  14 kobolds
  2 quokkas
  6 ball pythons
  15 bats
  5 frilled lizards
  A jackal skeleton (D:4)
  10 rats
  A fungus (Swamp:2)
1055 creatures vanquished.

Vanquished Creatures (others)
  An eleionoma (Swamp:1)
  3 bloated husks
  A vampire mosquito (D:11)
  An orc wizard (Orc:2)
  3 bushes (D:9)
  14 foxfires (Swamp:2)
  22 fungi
  41 plants
  16 starspawn tentacles (Abyss:1)
  23 withered plants
125 creatures vanquished.

Grand Total: 1180 creatures vanquished

Notes
Turn   | Place    | Note
-------+----------+-------------------------------------------
     0 | D:1      | cbfl8 the Minotaur Berserker began the quest for the Orb.
     0 | D:1      | Reached XP level 1. HP: 19/19 MP: 0/0
   251 | D:1      | Reached XP level 2. HP: 21/27 MP: 1/1
   629 | D:1      | Reached skill level 1 in Evocations
   699 | D:1      | Reached XP level 3. HP: 31/33 MP: 2/2
   766 | D:1      | Reached ** piety under Trog
  1746 | D:1      | Reached XP level 4. HP: 15/41 MP: 3/3
  2703 | D:2      | Reached skill level 5 in Fighting
  3441 | D:3      | Reached XP level 5. HP: 47/48 MP: 4/4
  3458 | D:3      | Found a shimmering altar of Xom.
  3479 | D:3      | Noticed Natasha
  3490 | D:3      | Killed Natasha
  3491 | D:3      | Reached skill level 5 in Axes
  3587 | D:3      | Noticed Natasha
  3603 | D:3      | Killed Natasha
  4368 | D:3      | Found a faded altar of an unknown god.
  4374 | D:3      | Noticed Natasha
  4381 | D:3      | Killed Natasha
  4578 | D:3      | Reached *** piety under Trog
  5048 | D:4      | Noticed a black bear
  5054 | D:4      | Killed a black bear
  5055 | D:4      | Reached XP level 6. HP: 57/57 MP: 5/5
  5480 | D:4      | Reached XP level 7. HP: 42/63 MP: 6/6
  6644 | D:5      | Entered Level 5 of the Dungeon
  6645 | D:5      | Found Soufokha's Armour Shop.
  7133 | D:5      | Found a staircase to the Ecumenical Temple.
  7214 | D:5      | Reached skill level 5 in Armour
  7214 | D:5      | Reached XP level 8. HP: 63/71 MP: 7/7
  7587 | D:5      | Reached **** piety under Trog
  9153 | D:6      | Found a shadowy altar of Dithmenos.
  9764 | D:6      | Found a snail-covered altar of Cheibriados.
 10233 | D:7      | Noticed Joseph
 10248 | D:7      | Killed Joseph
 10249 | D:7      | Reached XP level 9. HP: 43/79 MP: 8/8
 10560 | D:7      | Noticed Harold
 10575 | D:7      | Killed Harold
 10576 | D:7      | Reached skill level 5 in Evocations
 11355 | D:7      | Reached skill level 10 in Axes
 11894 | D:8      | Reached XP level 10. HP: 88/88 MP: 9/9
 12521 | D:8      | Noticed Prince Ribbit
 12559 | D:8      | Killed Prince Ribbit
 13227 | D:9      | Reached skill level 10 in Armour
 13349 | D:9      | Noticed a two-headed ogre
 13366 | D:9      | Killed a two-headed ogre
 13367 | D:9      | Reached skill level 1 in Shields
 14326 | D:9      | Identified the amulet "Ovomiph" {Acrobat +Inv rPois Int+3}
 14514 | D:9      | Reached skill level 2 in Shields
 14907 | D:9      | Reached skill level 3 in Shields
 15377 | D:9      | Reached XP level 11. HP: 88/97 MP: 10/10
 15444 | D:9      | Found a staircase to the Lair.
 15694 | D:9      | Reached skill level 4 in Shields
 15779 | D:9      | Noticed a soul eater
 16133 | D:10     | Entered Level 10 of the Dungeon
 16198 | D:10     | Noticed Maggie
 16208 | D:10     | Killed Maggie
 16209 | D:10     | Reached skill level 5 in Shields
 16241 | D:10     | Found a flagged portal.
 16259 | Bailey   | Entered a bailey
 16365 | Bailey   | Reached ***** piety under Trog
 16613 | Bailey   | Reached skill level 10 in Fighting
 16881 | Bailey   | Identified the +9 pearl dragon scales "Worhuaf" {rF++ rN+}
 17560 | Bailey   | Identified the +8 chain mail of the Arena {Rampage +Inv
                  | Int-5 Dex+3}
 17687 | D:10     | Noticed Erica
 17697 | D:10     | Killed Erica
 17833 | D:10     | Noticed a two-headed ogre
 17843 | D:10     | Killed a two-headed ogre
 17844 | D:10     | Reached skill level 6 in Shields
 17998 | D:10     | Found a radiant altar of Vehumet.
 18217 | D:10     | Found a runed translucent door.
 18219 | D:10     | Noticed Erolcha
 18222 | D:10     | Noticed a two-headed ogre
 18237 | D:10     | Cast into level 1 of the Abyss (Erolcha)
 18237 | Abyss:1  | Found a corrupted altar of Lugonu.
 18319 | Abyss:1  | Noticed a sixfirhy
 18328 | Abyss:1  | Killed a sixfirhy
 18339 | Abyss:1  | Noticed a tentacled starspawn
 18349 | Abyss:1  | Noticed a tentacled starspawn
 18362 | Abyss:1  | Noticed a sixfirhy
 18366 | Abyss:1  | Noticed a sixfirhy
 18407 | Abyss:1  | Noticed a wretched star
 18415 | Abyss:1  | Noticed a sixfirhy
 18421 | Abyss:1  | Killed a wretched star
 18421 | Abyss:1  | Killed a sixfirhy
 18424 | Abyss:1  | Killed a tentacled starspawn
 18462 | D:10     | Escaped the Abyss
 18567 | D:10     | Killed Erolcha
 19159 | D:10     | Killed a two-headed ogre
 19165 | D:10     | Reached XP level 12. HP: 107/107 MP: 11/11
 19641 | D:11     | Reached skill level 7 in Shields
 20160 | D:11     | Found Eneoff's Magic Scroll Boutique.
 20169 | D:11     | Bought a scroll of blinking for 120 gold pieces
 20169 | D:11     | Bought a scroll of teleportation for 48 gold pieces
 20169 | D:11     | Bought a scroll of identify for 32 gold pieces
 20658 | D:12     | Noticed a boulder beetle
 20658 | D:12     | Noticed a boulder beetle
 20677 | D:12     | Killed a boulder beetle
 20679 | D:12     | Killed a boulder beetle
 20941 | D:12     | Noticed a death knight
 20941 | D:12     | Noticed a centaur warrior
 20941 | D:12     | Noticed a boulder beetle
 20941 | D:12     | Noticed a two-headed ogre
 21125 | D:12     | Noticed a two-headed ogre
 21134 | D:12     | Killed a two-headed ogre
 21135 | D:12     | Reached skill level 8 in Shields
 21536 | D:12     | Killed a centaur warrior
 21586 | D:12     | Reached skill level 9 in Shields
 21603 | D:12     | Found a staircase to the Orcish Mines.
 21690 | D:12     | Killed a two-headed ogre
 21694 | D:12     | Killed a death knight
 21716 | D:12     | Noticed an ettin
 22441 | D:12     | Killed a boulder beetle
 22442 | D:12     | Reached skill level 15 in Axes
 22507 | D:12     | Noticed an ettin
 22868 | D:12     | Killed an ettin
 22869 | D:12     | Reached XP level 13. HP: 95/116 MP: 12/12
 23172 | D:12     | Noticed an ettin
 23180 | D:12     | Killed an ettin
 23828 | D:12     | Reached skill level 10 in Shields
 24062 | D:12     | Noticed a tengu reaver
 24086 | D:12     | Killed a tengu reaver
 24621 | D:12     | Paralysed by an orc warrior for 2 turns
 24768 | D:12     | Noticed an ettin
 24802 | D:12     | Killed an ettin
 25361 | D:12     | Noticed a sphinx
 25373 | D:12     | Killed a sphinx
 25412 | D:12     | Reached skill level 11 in Shields
 25764 | D:12     | Noticed a spark wasp
 25780 | D:12     | Killed a spark wasp
 25781 | D:12     | Reached skill level 10 in Evocations
 26125 | D:11     | Killed an ettin
 26340 | D:11     | Found Eneoff's Magic Scroll Boutique.
 27809 | D:13     | Found a portal to a secret trove of treasure.
 27853 | D:13     | Noticed Josephine
 27860 | D:13     | Killed Josephine
 28631 | D:14     | Reached XP level 14. HP: 84/127 MP: 13/13
 28946 | D:14     | Found a gate to the Vaults.
 28963 | D:14     | Reached skill level 12 in Shields
 29736 | D:14     | Cast into level 2 of the Abyss (a wizard)
 29757 | Abyss:2  | Found a corrupted altar of Lugonu.
 29881 | D:14     | Escaped the Abyss
 30375 | D:15     | Entered Level 15 of the Dungeon
 31019 | D:15     | Found a staircase to the Depths.
 31056 | D:15     | Reached skill level 13 in Shields
 32694 | Lair:1   | Entered Level 1 of the Lair of Beasts
 32904 | Lair:1   | Noticed Gastronok
 32926 | Lair:1   | Killed Gastronok
 32990 | Lair:1   | Received a gift from Trog
 34744 | Lair:2   | Reached skill level 14 in Shields
 34817 | Lair:2   | Reached XP level 15. HP: 137/137 MP: 14/14
 35290 | Lair:2   | Identified the +5 war axe of the Common Good {vorpal, rC+}
 36459 | Lair:4   | Found a staircase to the Snake Pit.
 36557 | Lair:4   | Found a staircase to the Swamp.
 36723 | Lair:4   | Received a gift from Trog
 36848 | Lair:4   | Found a gate leading to a gauntlet.
 36864 | Gauntlet | Entered a Gauntlet
 36864 | Gauntlet | Found a transporter.
 36864 | Gauntlet | Found a transporter.
 36865 | Gauntlet | Found a transporter.
 36865 | Gauntlet | Found a transporter.
 36868 | Gauntlet | Found a transporter.
 36868 | Gauntlet | Found a transporter.
 36883 | Gauntlet | Found a transporter.
 36885 | Gauntlet | Found a transporter.
 36887 | Gauntlet | Found a transporter.
 36889 | Gauntlet | Found a large runed translucent door.
 36890 | Gauntlet | Found a large runed translucent door.
 36891 | Gauntlet | Found a large runed translucent door.
 36891 | Gauntlet | Found a large runed translucent door.
 36891 | Gauntlet | Found a runed translucent door.
 36891 | Gauntlet | Found a runed translucent door.
 36892 | Gauntlet | Found a large runed translucent door.
 36893 | Gauntlet | Found a large runed translucent door.
 36893 | Gauntlet | Found a large runed translucent door.
 36893 | Gauntlet | Found a large runed translucent door.
 36894 | Gauntlet | Found a large runed translucent door.
 36894 | Gauntlet | Found a large runed translucent door.
 36895 | Gauntlet | Found a large runed translucent door.
 36895 | Gauntlet | Found a large runed translucent door.
 36897 | Gauntlet | Found a runed translucent gate.
 36897 | Gauntlet | Found a runed translucent gate.
 36897 | Gauntlet | Found a runed translucent gate.
 36899 | Gauntlet | Found a transporter.
 36910 | Gauntlet | Found a large runed translucent door.
 36911 | Gauntlet | Found a large runed translucent door.
 36935 | Gauntlet | Found a transporter.
 36982 | Gauntlet | Found a transporter.
 37091 | Gauntlet | Found a large runed translucent door.
 37091 | Gauntlet | Found a large runed translucent door.
 37173 | Gauntlet | Identified the amulet of the Establishment {Acrobat rElec
                  | Int+4}
 38363 | Lair:5   | Reached skill level 15 in Shields
 38520 | Lair:5   | Noticed Kirke
 38537 | Lair:5   | Killed Kirke
 38862 | Lair:6   | Entered Level 6 of the Lair of Beasts
 39538 | Lair:6   | Found a staircase to the Slime Pits.
 39538 | Lair:6   | Found a viscous altar of Jiyva.
 40113 | Lair:6   | Identified the ring "Wozen" {rC+ rN+ Dex+2 Stlth+}
 40173 | Lair:6   | Reached skill level 15 in Fighting
 40740 | Lair:6   | Reached XP level 16. HP: 149/149 MP: 5/15
 40746 | Lair:6   | Reached ****** piety under Trog
 40806 | Lair:6   | Received a gift from Trog
 41275 | Orc:1    | Entered Level 1 of the Orcish Mines
 41761 | Orc:2    | Entered Level 2 of the Orcish Mines
 41827 | Orc:2    | Noticed Frost42's ghost (journeyman MiWn)
 42031 | Orc:2    | Found a runed translucent gate.
 42031 | Orc:2    | Found a runed translucent gate.
 42031 | Orc:2    | Found a runed translucent gate.
 42647 | Orc:2    | Received a gift from Trog
 42776 | Orc:2    | Found a staircase to the Elven Halls.
 42822 | Orc:2    | Found Toedd's General Store.
 42822 | Orc:2    | Found Efohohycaf's Jewellery Shop.
 42823 | Orc:2    | Found Moisin's General Store.
 42826 | Orc:2    | Found Zonieni's Antique Armour Boutique.
 42838 | Orc:2    | Bought a scroll of teleportation for 39 gold pieces
 42839 | Orc:2    | Bought a +6 ring of dexterity for 643 gold pieces
 42844 | Orc:2    | Bought a scroll of teleportation for 33 gold pieces
 42844 | Orc:2    | Bought a potion of mutation for 88 gold pieces
 42918 | Orc:2    | Reached skill level 16 in Shields
 43194 | Orc:2    | Killed Frost42's ghost
 43249 | Orc:1    | Found Hanaum's Distillery.
 43583 | Snake:1  | Entered Level 1 of the Snake Pit
 44024 | Snake:1  | Found a runed translucent door.
 44025 | Snake:1  | Noticed Dadghomedgh's ghost (adept GnWz)
 45333 | Snake:2  | Found Yfio's Jewellery Shop.
 45334 | Snake:2  | Found Ihudwaodgh's Book Shoppe.
 45335 | Snake:2  | Found Zoirch's Jewellery Shop.
 45345 | Snake:2  | Bought the amulet of the Salamander {Acrobat rElec rN++
                  | Str+9 Int-3} for 738 gold pieces
 45377 | Snake:2  | Found Dotic's General Store.
 45885 | Snake:2  | Noticed Agnes
 45902 | Snake:2  | Killed Agnes
 46036 | Snake:2  | Reached skill level 1 in Stealth
 46352 | Snake:2  | Found Ebyreyvo's Armour Boutique.
 46671 | Snake:3  | Reached skill level 17 in Shields
 47458 | Snake:3  | Noticed Mlioglotl
 47472 | Snake:3  | Killed Mlioglotl
 47962 | Snake:4  | Entered Level 4 of the Snake Pit
 47998 | Snake:4  | Received a gift from Trog
 48254 | Snake:4  | Reached XP level 17. HP: 146/159 MP: 5/16
 49003 | Snake:4  | Noticed Aizul
 49023 | Snake:4  | Killed Aizul
 50973 | Snake:4  | Reached skill level 18 in Shields
 51083 | Snake:4  | Received a gift from Trog
 51558 | Snake:4  | Got a serpentine rune of Zot
 51848 | Swamp:1  | Entered Level 1 of the Swamp
 52721 | Swamp:1  | Noticed Donald
 52722 | Swamp:1  | Noticed Frances
 52736 | Swamp:1  | Killed Frances
 52745 | Swamp:1  | Killed Donald
 54055 | Swamp:2  | Received a gift from Trog
 55248 | Swamp:2  | Reached skill level 5 in Stealth
 55248 | Swamp:2  | Reached skill level 19 in Shields
 56069 | Swamp:2  | Found a runed translucent gate.
 56069 | Swamp:2  | Found a runed translucent gate.
 56069 | Swamp:2  | Found a runed translucent gate.
 56071 | Swamp:2  | Noticed jjjjhere's ghost (adept TrBr)
 56593 | Swamp:2  | Killed jjjjhere's ghost
 56598 | Swamp:2  | Identified the ring of the Invisible Seers {Ice rPois Will+
                  | Str-3 Slay+3}
 56965 | Swamp:2  | Reached XP level 18. HP: 170/170 MP: 5/17
 57175 | Swamp:3  | Reached skill level 15 in Armour
 58563 | Swamp:3  | HP: 12/256 [??? (5)]
 58564 | Swamp:3  | HP: 5/256 [poison]
 58565 | Swamp:3  | HP: 2/256 [poison]
 58565 | Swamp:3  | Killed from afar by a fenstrider witch

Illustrated notes

Levels and vault maps discovered:
D:1:      dpeg_arrival_rhombus, layout_basic
D:2:      layout_basic, serial_forest, infiniplex_forest_clump_C,
          infiniplex_forest_clump_C, infiniplex_forest_lined_2,
          infiniplex_forest_side_room, infiniplex_forest_lined_2,
          infiniplex_forest_lined_2
D:3:      layout_basic, xom_butterflies,
          hellmonk_ecumenical_altar_pennies_from_heaven, chequers_garden,
          uniq_natasha
D:4:      layout_layer_cave
D:5:      layout_basic, minmay_temple_entry_nine_rooms, serial_shops, shop,
          kennysheep_cross_room, nrook_mini_vaults
D:6:      layout_basic, slow_altar_2, nicolae_dithmenos_through_a_glass_darkly,
          serial_corexii_hall, corexii_hall_statues_x, corexii_hall_statues_l,
          corexii_hall_statues_u
D:7:      layout_basic, minivault_19, uniq_harold, uniq_joseph
D:8:      layout_basic, uniq_prince_ribbit1
D:9:      layout_roguey, minmay_lair_entry_grove, minmay_misc_feat_hallway
D:10:     layout_irregular_city, nicolae_vehumet_radiance, enter_bailey_5,
          serial_column_ruins, column_ruins_circle_medium,
          column_ruins_square_small, column_ruins_columns_straight,
          column_ruins_open_small, column_ruins_grid_1, column_ruins_grid_1,
          column_ruins_grid_1, minmay_st_funbox, uniq_maggie, uniq_erolcha,
          uniq_erica
D:11:     layout_basic, serial_shops, nicolae_shop_trees
D:12:     layout_roguey, david_orc_1_choice, minmay_stone_trees_small,
          nicolae_rejected_hall
D:13:     layout_roguey, enter_trove_1, uniq_josephine
D:14:     layout_rooms, erik_vaults_1, serial_corexii_hall,
          corexii_hall_statues_u, chequers_hall_statues_wall_a, minmay_holes,
          serial_bayou_crossing
D:15:     gammafunk_depths_entry_grave, layout_loops_cross, serial_bayou_shore_a
Lair:1:   layout_hall_layers, lemuel_fruit_tree, grunt_megastairs_3,
          lemuel_fruit_fields, uniq_gastronok
Lair:2:   nzn_winding_woodlands_huge [nzn_winding_woodlands_5x15_garden,
          nzn_winding_woodlands_5x15_split_checker,
          nzn_winding_woodlands_5x15_pockets, nzn_winding_woodlands_5x15_pool,
          nzn_winding_woodlands_5x15_concentric,
          nzn_winding_woodlands_5x15_river_crossing,
          nzn_winding_woodlands_5x15_cabin,
          nzn_winding_woodlands_5x15_lazy_stream,
          nzn_winding_woodlands_5x15_twine, nzn_winding_woodlands_5x15_crooked,
          nzn_winding_woodlands_center_triple_pond,
          nzn_winding_woodlands_center_lodge,
          nzn_winding_woodlands_15x15_boxy_spiral], layout_regular_city
Lair:3:   layout_regular_city, roderic_batcave
Lair:4:   layout_cave_pods, nicolae_swamp_entry_splash_gauntlet,
          guppyfry_snake_entry_island, gauntlet_entry_generic
Lair:5:   layout_gridlike, nicolae_lair_lindhole, uniq_kirke
Lair:6:   due_jungle_book, layout_layer_cave, slime_altar_1,
          grunt_forest_stairs_basic, serial_bayou_lagoon_b
Swamp:1:  layout_basic_swamp, nicolae_swamp_round_clearing, swamp_pool3,
          uniq_donald, uniq_frances
Swamp:2:  nicolae_swamp_phyte_club, layout_basic_swamp,
          ebering_ghost_rock_garden, evilmike_swamp_ruin_wall, swamp_pool4,
          nicolae_swamp_trees_clearing
Swamp:3:  layout_basic_swamp, evilmike_swamp_ruin_rubble_2, swamp_pool5,
          hangedman_swamp_ravenous
Snake:1:  layout_chambers, gammafunk_ghost_grave
Snake:2:  layout_grid_maze, serial_shops, nicolae_shop_hallway_plus,
          nicolae_shop_behind_doors, minmay_shop_grove, uniq_agnes
Snake:3:  layout_gridlike, uniq_mlioglotl
Snake:4:  snake_pit_salamanders_mu, layout_misc_corridors, uniq_aizul
Orc:1:    layout_diamond_mine, serial_shops, nicolae_shop_hallway_stairs
Orc:2:    st_orc_mages, layout_caves, maelrawn_ghost_gauntlet_escape,
          mines3_lemuel

Skill      XL: |  1  2  3  4  5  6  7  8  9 10 11 12 13 14 15 16 17 18 |
---------------+-------------------------------------------------------+-----
Fighting       | 4 5 6 7 8 9 10 11 12 13 15 16 17 | 17.8
Axes           | 4 6 7 9 10 12 13 15 16 18 | 18.8
Evocations     | 1 2 3 4 5 7 8 9 10 11 12 13 14 | 14.1
Armour         | 3 5 7 9 10 11 12 13 14 15 | 15.0
Shields        | 3 6 9 11 14 15 17 19 | 19.6
Stealth        | 2 5 |  5.7
Dodging        | |  2.1

Action                   |  1- 3 |  4- 6 |  7- 9 | 10-12 | 13-15 | 16-18 || total
-------------------------+-------+-------+-------+-------+-------+-------++-------
Melee: Hand axe          |    93 |   158 |   305 |   211 |       |       ||   767
       Headbutt          |    13 |    19 |    65 |   194 |   328 |   383 ||  1002
       Punch             |       |     1 |     6 |       |       |       ||     7
       War axe           |       |       |       |   632 |   955 |       ||  1587
       Broad axe         |       |       |       |       |   365 |  1438 ||  1803
Invok: Berserk           |       |     2 |     4 |    17 |    15 |     9 ||    47
       Trog's Hand       |       |       |       |     5 |       |       ||     5
Evoke: Wand              |       |       |       |     6 |     3 |       ||     9
  Use: Scroll            |       |     1 |     7 |    18 |    14 |    10 ||    50
       Potion            |       |       |       |     4 |     3 |     1 ||     8
 Stab: Sleeping          |     1 |       |       |       |       |     1 ||     2
       Paralysed         |       |       |       |     4 |     4 |       ||     8
       Distracted        |       |       |       |       |       |     2 ||     2
Armor: Animal skin       |    13 |    18 |       |       |       |       ||    31
       Ring mail         |       |    42 |    17 |       |       |       ||    59
       Scale mail        |       |       |   135 |   123 |       |       ||   258
       Chain mail        |       |       |       |   174 |       |       ||   174
       Pearl dragon scal |       |       |       |   283 |   686 |   564 ||  1533
Dodge: Dodged            |    61 |   122 |   155 |   295 |   346 |   343 ||  1322
Block: Tower shield      |       |       |       |   758 |  1249 |  1560 ||  3567
